 Dungeon Crawl Stone Soup version 0.26-a0-1191-ge2a0e31ab3 (webtiles) character file.

Game seed: 11331242985434784512

1831 Azzok the Skirmisher (level 8, -15/64 HPs)
             Began as a Demonspawn Fighter on Dec 28, 2020.
             Was an Initiate of Okawaru.
             Demolished by a boulder beetle (25 damage)
             ... on level 8 of the Dungeon.
             The game lasted 00:10:53 (8504 turns).

Azzok the Skirmisher (Demonspawn Fighter)           Turns: 8504, Time: 00:10:54

Health: -15/64     AC: 15    Str: 20    XL:     8   Next: 86%
Magic:  9/9        EV:  4    Int: 13    God:    Okawaru [......]
Gold:   349        SH: 10    Dex: 12    Spells: 7/7 levels left

rFire    + . .     SeeInvis .   a - +1 war axe (freeze)
rCold    . . .     Faith    .   c - +0 kite shield
rNeg     . . .     Spirit   .   n - +0 plate armour
rPois    .         Reflect  .   v - +0 helmet
rElec    .         Harm     .   (no cloak)
rCorr    .         Rampage  .   p - +0 pair of gloves
Will     .....                  (no boots)
Stlth    ..........             (no amulet)
HPRegen  0.20/turn              m - ring of protection from fire
MPRegen  0.11/turn              (no ring)

@: mighty
A: claws 2, powered by pain 1, big brain 2
a: Renounce Religion


You were on level 8 of the Dungeon.
You worshipped Okawaru.
Okawaru was noncommittal.
You visited 2 branches of the dungeon, and saw 9 of its levels.
You also visited: Ossuary.

You collected 535 gold pieces.
You spent 186 gold pieces at shops.

Inventory:

Hand Weapons
 a - a +1 war axe of freezing (weapon)
 b - a +2 whip of draining
Armour
 c - a +0 kite shield (worn)
 n - a +0 plate armour (worn)
 p - a +0 pair of gloves (worn)
 v - a +0 helmet (worn)
Jewellery
 m - a ring of protection from fire (left hand)
Wands
 B - a wand of acid (15)
 C - a wand of digging (5)
Scrolls
 e - 2 scrolls of teleportation {unknown}
 f - 3 scrolls of magic mapping {unknown}
 k - 3 scrolls of remove curse
 o - a scroll of blinking {unknown}
 t - 2 scrolls of random uselessness {unknown}
 u - a scroll of fog {unknown}
 y - a scroll of immolation {unknown}
 z - a scroll of amnesia {unknown}
 D - a scroll of enchant weapon {unknown}
 G - a scroll of vulnerability {unknown}
Potions
 d - 2 potions of might
 g - 9 potions of brilliance
 h - 3 potions of lignification
 i - 9 potions of curing
 j - 5 potions of heal wounds
 l - 2 potions of magic {unknown}
 q - 4 potions of haste
 r - 3 potions of mutation {!q}
 s - 2 potions of invisibility {unknown}
 w - a potion of ambrosia {unknown}
 x - 3 potions of flight
 A - a potion of degeneration {unknown}
 E - a potion of resistance


   Skills:
 - Level 6.1 Fighting
 + Level 5.6 Axes
 - Level 5.6 Armour
 + Level 6.0 Shields
 + Level 2.4 Invocations


You had 7 spell levels left.
You didn't know any spells.
Your spell library contained the following spells:

 Spells                   Type           Power        Failure   Level
 Shock                    Conj/Air       0%           100%        1
 Sting                    Tmut/Pois      0%           100%        1
 Poisonous Vapours        Pois/Air       0%           100%        2
 Swiftness                Air            0%           100%        2
 Ignite Poison            Fire/Tmut/Pois 0%           100%        3
 Mephitic Cloud           Conj/Pois/Air  0%           100%        3
 Static Discharge         Conj/Air       0%           100%        3
 Airstrike                Air            0%           100%        4
 Olgreb's Toxic Radiance  Pois           0%           100%        4
 Lightning Bolt           Conj/Air       0%           100%        5


Dungeon Overview and Level Annotations

Branches:
Dungeon (8/15)             Temple (1/1) D:7         Ossuary (visited)
   Lair: D:8-11

Altars:
Ashenzari
Cheibriados
Elyvilon
Fedhas
Gozag
Hepliaklqana
Kikubaaqudgha
Makhleb
Nemelex Xobeh
Okawaru
Qazlal
Ru
Sif Muna
Trog
Uskayaw
Vehumet
Wu Jian
Xom
Yredelemnul
Zin

Shops:
D:6 (


Innate Abilities, Weirdness & Mutations

You have very sharp fingernails.
You sometimes gain a little power by taking damage.
You have an extremely huge brain. (Int +4)


Message History

You feel very mighty all of a sudden. The boulder beetle hits you!!
The boulder beetle stops rolling and uncurls.
You slash the boulder beetle! You freeze the boulder beetle.
The boulder beetle is moderately wounded.
The boulder beetle bites you.
You hit the boulder beetle. You freeze the boulder beetle.
The boulder beetle is moderately wounded.
You block the boulder beetle's attack. The boulder beetle barely misses you.
You hit the boulder beetle but do no damage.
The boulder beetle is moderately wounded.
The boulder beetle bites you!
* * * LOW HITPOINT WARNING * * *
You hit the boulder beetle but do no damage.
The boulder beetle is moderately wounded.
You block the boulder beetle's attack. x2
You slash the boulder beetle! You freeze the boulder beetle.
The boulder beetle is heavily wounded.
The boulder beetle bites you!!
You die...

▒······†···▒······▒········
▒··········▒····▒▒▒··▒▒▒▒··
▒··········▒····▒▒▒··▒▒ ·
▒··········▒··········▒
▒··········▒··········▒
▒▒▒▒▒▒·····▒··········╬
▒·····▒···▒▒▒▒▒▒▒▒▒▒▒▒
▒·····▒···▒···[·······
▒··@▒···········
▒··B▒○·○········
▒···'·°·°·(·····
▒▒╬▒▒···········
···▒╬▒▒▒▒··· ····▒ ···
··!··▒ ·· ······▒ ·!·····▒


You could see a boulder beetle.

Vanquished Creatures
  3 ice beasts
  A phantom (D:5)
  A black bear (D:6)
  2 ogres (D:5)
  2 centaurs (D:5)
  A big kobold (D:4)
  2 scorpions (D:4)
  A howler monkey (D:4)
  A hound (D:4)
  A centaur zombie (D:5)
  An orc wizard (D:4)
  A bullfrog skeleton (D:5)
  An iguana (D:5)
  4 worker ants
  Terence (D:2)
  3 big kobold zombies (Ossuary)
  3 hound zombies
  A hound skeleton (D:7)
  A worker ant zombie (D:6)
  2 mummies (Ossuary)
  11 gnolls
  A howler monkey skeleton (D:4)
  14 adders
  A shadow imp (D:5)
  A white imp (D:5)
  An ufetubus (D:7)
  An ooze (D:3)
  5 adder zombies
  3 adder skeletons
  3 worms
  2 dart slugs
  2 leopard geckos
  13 orcs
  6 giant cockroaches
  6 gnoll zombies (Ossuary)
  9 goblins
  6 hobgoblins
  6 jackals
  2 quokkas
  9 ball pythons
  7 bats
  7 frilled lizards
  9 hobgoblin zombies (Ossuary)
  A jackal zombie (D:8)
  4 kobolds
  4 kobold zombies (Ossuary)
  2 leopard gecko skeletons
  6 orc zombies (Ossuary)
  12 rats
187 creatures vanquished.

Vanquished Creatures (others)
  A plant (D:2)
1 creature vanquished.

Grand Total: 188 creatures vanquished

Notes
Turn   | Place    | Note
-------+----------+-------------------------------------------
     0 | D:1      | Azzok the Demonspawn Fighter began the quest for the Orb.
     0 | D:1      | Reached XP level 1. HP: 18/18 MP: 1/1
   276 | D:1      | Gained mutation: You sometimes gain a little power by
                  | taking damage. [demonic ancestry]
   276 | D:1      | Reached XP level 2. HP: 16/24 MP: 2/2
   640 | D:1      | You fall into a shaft and drop 1 floor!
   894 | D:1      | Reached XP level 3. HP: 6/29 MP: 3/3
  1417 | D:1      | Gained mutation: You have sharp fingernails. [demonic
                  | ancestry]
  1417 | D:1      | Reached XP level 4. HP: 31/35 MP: 4/4
  2413 | D:2      | Noticed Terence
  2431 | D:2      | Killed Terence
  2436 | D:2      | Gained mutation: You have an unusually large brain. (Int
                  | +2) [demonic ancestry]
  2436 | D:2      | Reached XP level 5. HP: 17/42 MP: 5/5
  2737 | D:2      | You fall into a shaft and drop 2 floors!
  2866 | D:4      | Found a sand-covered staircase.
  2877 | Ossuary  | Entered an ossuary
  3102 | Ossuary  | Gained mutation: You have very sharp fingernails. [demonic
                  | ancestry]
  3102 | Ossuary  | Reached XP level 6. HP: 30/48 MP: 6/6
  3404 | D:3      | Found a broken altar of Ashenzari.
  3891 | D:3      | Found a white marble altar of Elyvilon.
  4802 | D:4      | Gained mutation: You have an extremely huge brain. (Int +4)
                  | [demonic ancestry]
  4802 | D:4      | Reached XP level 7. HP: 47/55 MP: 7/7
  5234 | D:4      | Reached skill level 5 in Fighting
  5406 | D:4      | Found an ornate altar of the Wu Jian Council.
  5446 | D:5      | Entered Level 5 of the Dungeon
  6071 | D:5      | Reached skill level 5 in Shields
  6071 | D:5      | Reached XP level 8. HP: 55/63 MP: 8/8
  6131 | D:5      | Reached skill level 5 in Armour
  6684 | D:5      | Reached skill level 5 in Axes
  6870 | D:6      | Found Wih Udwu's Weapon Shoppe.
  6902 | D:6      | Bought a +1 war axe of freezing for 186 gold pieces
  7361 | D:7      | Found a staircase to the Ecumenical Temple.
  7378 | Temple   | Entered the Ecumenical Temple
  7471 | Temple   | Became a worshipper of Warmaster Okawaru
  7522 | D:7      | Reached skill level 1 in Invocations
  8244 | D:7      | Found a sparkling altar of Nemelex Xobeh.
  8472 | D:8      | Noticed a boulder beetle
  8504 | D:8      | Demolished by a boulder beetle

Illustrated notes

Levels and vault maps discovered:
D:1:      heliophobic_arrival_battle_scene, layout_basic, patterned_corridor
D:2:      layout_basic, serial_forest, infiniplex_forest_lined_4_way,
          infiniplex_forest_straight_3, infiniplex_forest_clump_long,
          infiniplex_forest_clump_curved, infiniplex_forest_end_3,
          infiniplex_forest_lined_room_2, infiniplex_forest_clump_double,
          uniq_terence
D:3:      layout_basic, old_standard_altar, st_stairs_5, elyvilon_altar_5
D:4:      minmay_clustersquares, layout_rooms, nzn_wu_jian_council_hall,
          chequers_ossuary_entry_cave, minmay_snake_closets
D:5:      layout_loops_cross, minmay_misc_feat_pillars
D:6:      layout_rooms, serial_shops, nicolae_shop_waterfront
D:7:      layout_cave_pods, kennysheep_little_box,
          minmay_temple_entry_sparse_star, minivault_23
D:8:      layout_gridville, basic_altar
Temple:   hc_temple_tempest_star

Skill      XL: |  1  2  3  4  5  6  7  8 |
---------------+-------------------------+-----
Axes           | 2 3 4 5 |  5.6
Shields        | 3 4 5 6 |  6.0
Armour         | 3 4 5 |  5.6
Fighting       | 4 5 6 |  6.1
Invocations    | 2 |  2.4

Action                   |  1- 3 |  4- 6 |  7- 9 || total
-------------------------+-------+-------+-------++-------
Melee: War axe           |    88 |   274 |   151 ||   513
       Whip              |       |    41 |   211 ||   252
  Use: Potion            |       |     1 |     1 ||     2
       Scroll            |       |       |     9 ||     9
Armor: Scale mail        |    31 |     3 |       ||    34
       Plate armour      |       |   228 |   195 ||   423
Dodge: Dodged            |    21 |    55 |    52 ||   128
Block: Kite shield       |    50 |   180 |   157 ||   387

Table legend: (Time is in decaauts)
 A = Elapsed time spent in this place.
 B = Non-inter-level travel time spent in this place.
 C = Inter-level travel time spent in this place.
 D = Time resting spent in this place.
 E = Time spent auto-exploring this place.
 F = Levels seen in this place.
 G = Mean time per level.
                   A        B        C        D        E       F      G
               +--------+--------+--------+--------+--------+-----+--------+
         Total |   8725 |   8579 |    146 |    767 |   5993 |  10 |  872.5 |
       Dungeon |   8188 |   8058 |    130 |    767 |   5695 |   8 | 1023.5 |
        Temple |    109 |     93 |     16 |      0 |     79 |   1 |  109.0 |
       Ossuary |    427 |    427 |      0 |      0 |    219 |   1 |  427.0 |
               +--------+--------+--------+--------+--------+-----+--------+

Top non-repeatable levels by time:
     D:1: 1566 daAuts
     D:2: 1495 daAuts
     D:5: 1366 daAuts
     D:3: 1110 daAuts
     D:4: 1096 daAuts
     D:7: 894 daAuts
     D:6: 486 daAuts
 Ossuary: 427 daAuts
     D:8: 171 daAuts
  Temple: 109 daAuts
